 Dungeon Crawl Stone Soup version 0.22.1-1-ga44c0e5 (webtiles) character file.

1419 dvd the Chopper (level 8, -1/75 HPs)
             Began as an Ogre Fighter on Oct 23, 2018.
             Was an Initiate of Hepliaklqana.
             Slain by Prince Ribbit (6 damage)
             ... on level 6 of the Dungeon.
             The game lasted 00:10:38 (6864 turns).

dvd the Chopper (Ogre Fighter)                      Turns: 6864, Time: 00:10:38

Health: -1/75      AC:  3    Str: 26    XL:     8   Next: 71%
Magic:  9/9        EV: 10    Int:  9    God:    Hepliaklqana [......]
Gold:   304        SH: 10    Dex: 10    Spells: 7/7 levels left

rFire    + . .     SeeInvis .   a - +2 war axe (drain)
rCold    . . .     Gourm    .   c - +0 shield
rNeg     . . .     Faith    .   b - +0 robe
rPois    .         Spirit   .   (helmet restricted)
rElec    .         Reflect  .   (no cloak)
rCorr    .         Harm     .   (gloves unavailable)
MR       +....                  (boots unavailable)
Stlth    ++........             j - amulet of rage
HPRegen  0.22/turn              p - ring of protection from fire
MPRegen  0.11/turn              m - ring of protection from magic

@: mighty
A: large, unfitting armour, reduced essence, tough skin 1
a: Recall Ancestor, Ancestor Identity, Renounce Religion, Evoke Berserk Rage


You were on level 6 of the Dungeon.
You worshipped Hepliaklqana.
Hepliaklqana was noncommittal.
You were not hungry.

You visited 2 branches of the dungeon, and saw 7 of its levels.

You collected 304 gold pieces.

Inventory:

Hand Weapons
 a - a +2 war axe of draining (weapon)
Missiles
 v - 3 javelins (quivered)
Armour
 b - a +0 robe (worn)
 c - a +0 shield (worn)
Jewellery
 j - an amulet of rage (around neck)
 m - a ring of protection from magic (right hand)
 p - a ring of protection from fire (left hand)
Wands
 s - a wand of paralysis (13)
 t - a wand of iceblast (12)
Scrolls
 h - 2 scrolls of enchant weapon {unknown}
 i - 5 scrolls of teleportation {unknown}
 k - 2 scrolls of immolation {unknown}
 n - 4 scrolls of identify {unknown}
 o - 2 scrolls of magic mapping {unknown}
 u - a scroll of amnesia {unknown}
Potions
 d - a potion of might
 e - a potion of degeneration {unknown}
 g - a potion of flight {unknown}
 l - a potion of cancellation
 r - a potion of haste {unknown}
 w - a potion of curing
Comestibles
 f - 11 rations


   Skills:
 + Level 6.4 Fighting
 + Level 6.7 Axes
 + Level 0.5 Throwing
 + Level 4.7 Dodging
 + Level 1.7 Stealth
 + Level 4.8 Shields
 + Level 1.9 Evocations


You had 7 spell levels left.
You didn't know any spells.
Your spell library was empty.

Dungeon Overview and Level Annotations

Branches:
Dungeon (6/15)             Temple (1/1) D:5

Altars:
Ashenzari
Elyvilon
Gozag
Hepliaklqana
Kikubaaqudgha
Makhleb
Okawaru
Qazlal
Ru
Sif Muna
Trog
Vehumet
Wu Jian
Xom
Yredelemnul
Zin
The Shining One

Shops:
D:4 :[

Annotations:
D:6 2 transporters, Prince Ribbit


Innate Abilities, Weirdness & Mutations

You are too large for most types of armour.
You have tough skin. (AC +1)
Your life essence is reduced to manifest your ancestor. (-10% HP)


Message History

You block the hound's attack.
Teicuih hits the hound!
The hound bites Teicuih.
Something hits Teicuih!
You closely miss the hound.
The hound is severely wounded.
You block the hound's attack.
Teicuih hits the hound.
Something hits Teicuih.
The hound bites Teicuih.
You slash the hound!
You kill the hound!
Teicuih closely misses Prince Ribbit.
Prince Ribbit hits you.
* * * LOW HITPOINT WARNING * * *
Teicuih closely misses Prince Ribbit.
You closely miss Prince Ribbit.
Prince Ribbit is lightly wounded.
You block Prince Ribbit's attack.
Teicuih misses Prince Ribbit.
Prince Ribbit hits you!
* * * LOW HITPOINT WARNING * * *
Unknown command.
You feel very mighty all of a sudden. Prince Ribbit hits you.
You die...

#.#8P oo5....#≈8#..)...###
#.### ###########..#.### #
###.... .... ........#.#
..##.....###.. ######....#
..........##.#########.####
...........#.##........#
...........F.#..########
..........[#.#.##
.......)...#.#@#
......RF...#RF.#
...........#.###
..........#### ...#.....##
##..###### ##. #


You could see the friendly Teicuih the ancestor and Prince Ribbit.

Vanquished Creatures
  Grinder (D:4)
  Menkaure (D:5)
  A phantom (D:5)
  A centaur (D:5)
  2 ogres
  2 bullfrogs
  A scorpion (D:5)
  A crimson imp (D:6)
  A hound (D:6)
  An orc priest (D:5)
  A jelly (D:6)
  3 orc wizards (D:5)
  An iguana (D:2)
  2 worker ants
  Robin (D:3)
  6 adders
  A shadow imp (D:6)
  An ooze (D:1)
  A worm (D:3)
  5 dart slugs
  13 orcs
  8 bats
  3 giant cockroaches
  8 hobgoblins
  8 jackals
  4 quokkas
  A ball python (D:3)
  3 frilled lizards
  12 goblins
  6 kobolds
  6 rats
106 creatures vanquished.

Vanquished Creatures (collateral kills)
  A sky beast (D:6)
  A bullfrog (D:6)
  An orc wizard (D:6)
  2 orcs (D:6)
5 creatures vanquished.

Vanquished Creatures (others)
  A frilled lizard (D:3)
1 creature vanquished.

Grand Total: 112 creatures vanquished

Notes
Turn   | Place    | Note
-------+----------+-------------------------------------------
     0 | D:1      | dvd the Ogre Fighter began the quest for the Orb.
     0 | D:1      | Reached XP level 1. HP: 24/24 MP: 1/1
    65 | D:1      | Reached XP level 2. HP: 18/32 MP: 2/2
  1291 | D:1      | Reached XP level 3. HP: 39/39 MP: 3/3
  1511 | D:2      | Reached XP level 4. HP: 49/49 MP: 4/4
  2292 | D:3      | Found a shattered altar of Ashenzari.
  2503 | D:3      | Reached XP level 5. HP: 40/55 MP: 5/5
  2784 | D:3      | Found a white marble altar of Elyvilon.
  3154 | D:3      | Found a glowing golden altar of the Shining One.
  3372 | D:3      | Found a stormy altar of Qazlal.
  3372 | D:3      | Found an ancient bone altar of Kikubaaqudgha.
  3372 | D:3      | Noticed Robin
  3388 | D:3      | Killed Robin
  3703 | D:4      | Found Karch's Antique Armour Shop.
  3963 | D:4      | Noticed Grinder
  3965 | D:4      | Paralysed by Grinder for 5 turns
  3977 | D:4      | Killed Grinder
  3977 | D:4      | Reached skill level 5 in Fighting
  3977 | D:4      | Reached XP level 6. HP: 42/66 MP: 6/6
  4031 | D:4      | Reached XP level 7. HP: 40/72 MP: 7/7
  4537 | D:4      | Found Yliara's Book Emporium.
  4812 | D:5      | Entered Level 5 of the Dungeon
  5171 | D:5      | Noticed Menkaure
  5176 | D:5      | Reached skill level 5 in Axes
  5176 | D:5      | Reached skill level 1 in Evocations
  5179 | D:5      | Killed Menkaure
  5586 | D:5      | Found a stormy altar of Qazlal.
  5635 | D:5      | Found a burning altar of Makhleb.
  5645 | D:5      | Reached XP level 8. HP: 47/83 MP: 8/8
  5686 | D:5      | HP: 3/83 [scorpion (2)]
  5691 | D:5      | HP: 2/124 [poisoned by a scorpion]
  6097 | D:5      | Found a staircase to the Ecumenical Temple.
  6103 | Temple   | Entered the Ecumenical Temple
  6178 | Temple   | Became a worshipper of Hepliaklqana the Forgotten
  6441 | D:6      | Found a transporter.
  6441 | D:6      | Noticed a kobold demonologist
  6455 | D:6      | Found a transporter.
  6461 | D:6      | Reached skill level 1 in Stealth
  6832 | D:6      | Noticed Prince Ribbit
  6864 | D:6      | Slain by Prince Ribbit

Skill      XL: |  1  2  3  4  5  6  7  8 |
---------------+-------------------------+-----
Dodging        | 3 4 |  4.7
Shields        | 3 4 |  4.8
Axes           | 3 4 5 6 |  6.7
Fighting       | 5 6 |  6.4
Evocations     | 1 |  1.9
Stealth        | 1 |  1.7
Throwing       | |  0.5

Action                   |  1- 3 |  4- 6 |  7- 9 || total
-------------------------+-------+-------+-------++-------
Melee: War axe           |    86 |   147 |   135 ||   368
Throw: Javelin           |       |       |     4 ||     4
 Abil: Evoke Berserk Rag |     1 |     3 |     2 ||     6
  Use: Potion            |       |       |     4 ||     4
 Stab: Sleeping          |     1 |       |     1 ||     2
       Distracted        |       |       |     1 ||     1
  Eat: Chunk             |     2 |    10 |     6 ||    18
       Ration            |       |       |     2 ||     2
Armor: Robe              |    30 |    32 |    19 ||    81
Dodge: Dodged            |    30 |    67 |    53 ||   150
Block: Shield            |    54 |    80 |    79 ||   213
